 Dungeon Crawl Stone Soup version 0.23.2-1-ga50397a6bc (webtiles) character file.

Game seed: 17956525977319408074

746 Gunterle the Cudgeler (level 7, -11/67 HPs)
             Began as a Naga Monk on Apr 17, 2019.
             Was an Elder of Cheibriados.
             Mangled by an ogre
             ... wielding a +0 giant club
              (14 damage)
             ... on level 5 of the Dungeon.
             The game lasted 00:21:12 (4779 turns).

Gunterle the Cudgeler (Naga Monk)                   Turns: 4779, Time: 00:21:13

Health: -11/67     AC:  9    Str: 22    XL:     7   Next: 77%
Magic:  6/9        EV: 11    Int: 21    God:    Cheibriados [****..]
Gold:   266        SH:  0    Dex: 23    Spells: 6/6 levels left

rFire    . . .     SeeInvis +   v - +2 hand axe (elec)
rCold    . . .     Gourm    .   (no shield)
rNeg     . . .     Faith    .   b - +0 robe
rPois    +         Spirit   .   (no helmet)
rElec    .         Reflect  .   z - +0 cloak
rCorr    .         Harm     .   (no gloves)
MR       .....                  (no barding)
Stlth    +++.......             (no amulet)
HPRegen  0.21/turn              o - +5 ring of protection
MPRegen  0.11/turn              (no ring)

@: short of breath, very slow
A: large, see invisible, deformed body, poison resistance, slowness 2, slow
metabolism 1, spit poison 1, AC +2
a: Spit Poison, Bend Time, Temporal Distortion, Slouch, Renounce Religion


You were on level 5 of the Dungeon.
You worshipped Cheibriados.
Cheibriados was greatly pleased with you.
You were not hungry.

You visited 2 branches of the dungeon, and saw 6 of its levels.

You collected 266 gold pieces.

Inventory:

Hand Weapons
 a - a +0 mace
 e - a +0 whip
 m - a cursed -2 hunting sling
 u - a +0 flail
 v - a +2 hand axe of electrocution (weapon)
 B - a +0 morningstar
Missiles
 i - 37 sling bullets
 n - 60 arrows
 q - 133 stones (quivered)
 w - 25 bolts
Armour
 b - a +0 robe (worn)
 z - a +0 cloak (worn)
Jewellery
 o - a +5 ring of protection (left hand)
 x - an uncursed amulet of faith {unknown}
Wands
 d - a wand of paralysis (13)
 y - a wand of clouds (7)
Scrolls
 g - 2 scrolls of enchant armour
 k - 2 scrolls of enchant weapon
 l - 5 scrolls of remove curse
 s - a scroll of teleportation
 t - a scroll of noise {unknown}
 A - a scroll of magic mapping {unknown}
Potions
 f - 2 potions of degeneration {unknown}
 h - a potion of invisibility {unknown}
 j - a potion of haste {unknown}
 p - a potion of brilliance {unknown}
 r - 2 potions of curing {unknown}
Comestibles
 c - 9 rations
 C - 3 chunks of flesh


   Skills:
 + Level 5.2 Fighting
 * Level 6.9 Maces & Flails
 - Level 2.4 Dodging
 - Level 3.0 Stealth
 + Level 3.4 Invocations


You had 6 spell levels left.
You didn't know any spells.
Your spell library was empty.

Dungeon Overview and Level Annotations

Branches:
Dungeon (5/15)             Temple (1/1) D:4

Altars:
Ashenzari
Cheibriados
Dithmenos
Elyvilon
Fedhas
Gozag
Hepliaklqana
Kikubaaqudgha
Makhleb
Okawaru
Qazlal
Ru
Trog
Vehumet
Wu Jian
Yredelemnul
Zin


Innate Abilities, Weirdness & Mutations

You cannot wear boots.
Your serpentine skin is tough. (AC +2)
You have supernaturally acute eyesight. (SInv)
Armour fits poorly on your strangely shaped body.
Your system is resistant to poisons. (rPois)
You cover ground very slowly.
You have a slow metabolism.
You can spit poison.


Message History

The ogre hits you with a +0 giant club!!
Press: ? - help, Shift-Dir - straight line, f/p - ogre
Aim: an ogre, wielding a +0 giant club (severely wounded, poisoned)
The splash of poison hits the ogre.
The ogre looks even sicker.
The ogre is severely wounded.
You feel slightly more hungry.
The ogre hits you with a +0 giant club!!
* * * LOW HITPOINT WARNING * * *
You barely miss the ogre.
The ogre is severely wounded.
An orc wizard comes into view. It is wielding a +0 dagger.
The ogre hits you with a +0 giant club!
* * * LOW HITPOINT WARNING * * *
Unknown command.
The flow of time bends around you.
Cheibriados rebukes the ogre.
The ogre seems to slow down.
You feel slightly more hungry.
A gnoll comes into view. It is wielding a +0 whip.
The ogre hits you with a +0 giant club!
You die...

############......
#..........#.....
#..........#....
#..........#O..
#..........#..#
#..........#..#+####
#.........##.......#
#.......@O)oo.$....#
##....#######..g...#
#....# #..........# #....#
#..........#
#....#.h..........#
#....#.#..........#
#######....# #..........#
#..........#.####........#
####............#
#......#.#


You could see an ogre, an orc wizard, a gnoll (wandering) and an orc.

Vanquished Creatures
  A centaur (D:4)
  A scorpion (D:4)
  A howler monkey (D:5)
  A centaur zombie (D:5)
  5 orc priests
  3 orc wizards
  An iguana (D:4)
  Natasha (thrice) (D:2)
  A hound skeleton (D:4)
  3 gnolls (D:3)
  6 adders
  An adder zombie (D:5)
  2 worms (D:2)
  2 dart slugs (D:3)
  5 leopard geckos
  19 orcs
  11 bats
  5 giant cockroaches
  7 goblins
  5 hobgoblins
  4 jackals (D:3)
  A quokka (D:4)
  A frilled lizard (D:2)
  8 kobolds
  6 rats
103 creatures vanquished.

Vanquished Creatures (others)
  A bush (D:4)
1 creature vanquished.

Grand Total: 104 creatures vanquished

Notes
Turn   | Place    | Note
-------+----------+-------------------------------------------
     0 | D:1      | Gunterle the Naga Monk began the quest for the Orb.
     0 | D:1      | Reached XP level 1. HP: 21/21 MP: 1/1
   267 | D:1      | Reached XP level 2. HP: 27/28 MP: 2/2
   857 | D:2      | Reached XP level 3. HP: 29/34 MP: 3/3
   887 | D:2      | Reached skill level 4 in Maces & Flails
  1132 | D:2      | Noticed Natasha
  1158 | D:2      | Killed Natasha
  1158 | D:2      | Reached XP level 4. HP: 39/43 MP: 4/4
  1177 | D:2      | Noticed Natasha
  1189 | D:2      | Killed Natasha
  1507 | D:2      | Found a sacrificial altar of Ru.
  1538 | D:2      | Found an ancient bone altar of Kikubaaqudgha.
  1665 | D:2      | Noticed Natasha
  1686 | D:2      | Killed Natasha
  1686 | D:2      | Reached XP level 5. HP: 47/50 MP: 5/5
  1798 | D:2      | Found a snail-covered altar of Cheibriados.
  1806 | D:2      | Found a bloodstained altar of Trog.
  1812 | D:2      | Found a blossoming altar of Fedhas.
  1822 | D:2      | Became a worshipper of Cheibriados the Contemplative
  1822 | D:2      | Reached * piety under Cheibriados
  1822 | D:2      | Reached ** piety under Cheibriados
  1977 | D:2      | Found a faded altar of an unknown god.
  2195 | D:3      | Reached skill level 5 in Maces & Flails
  2383 | D:3      | Found a sacrificial altar of Ru.
  2578 | D:3      | Reached skill level 1 in Invocations
  2641 | D:3      | Reached *** piety under Cheibriados
  2917 | D:3      | Found an opulent altar of Gozag.
  2931 | D:3      | Reached XP level 6. HP: 44/57 MP: 5/7
  3279 | D:4      | Found a blossoming altar of Fedhas.
  3355 | D:4      | Reached skill level 6 in Maces & Flails
  3429 | D:4      | Found a burning altar of Makhleb.
  3544 | D:4      | Reached XP level 7. HP: 66/66 MP: 8/8
  4006 | D:4      | Found a staircase to the Ecumenical Temple.
  4013 | Temple   | Entered the Ecumenical Temple
  4551 | D:4      | Reached skill level 5 in Fighting
  4573 | D:4      | Reached **** piety under Cheibriados
  4676 | D:5      | Entered Level 5 of the Dungeon
  4777 | D:5      | HP: 2/67 [ogre/+0 giant club (14)]
  4779 | D:5      | Mangled by an ogre

Skill      XL: |  1  2  3  4  5  6  7 |
---------------+----------------------+-----
Maces & Flails | 4 5 6 |  6.9
Fighting       | 4 5 |  5.2
Invocations    | 1 2 3 |  3.4
Dodging        | |  2.4
Stealth        | |  3.0

Action                   |  1- 3 |  4- 6 |  7- 9 || total
-------------------------+-------+-------+-------++-------
Melee: Whip              |    45 |   108 |       ||   153
       Mace              |     6 |       |       ||     6
       Hand axe          |       |    39 |    45 ||    84
Throw: Stone             |       |     5 |     1 ||     6
Invok: Bend Time         |       |       |     1 ||     1
 Abil: Spit Poison       |    18 |    51 |    14 ||    83
  Use: Scroll            |     1 |     2 |     1 ||     4
 Stab: Sleeping          |     3 |     3 |     2 ||     8
  Eat: Chunk             |       |     9 |     1 ||    10
       Ration            |       |       |     1 ||     1
Armor: Robe              |    10 |    45 |    20 ||    75
Dodge: Dodged            |    27 |    83 |    22 ||   132
